 Dungeon Crawl Stone Soup version 0.26-a0-651-gb41185065b (webtiles) character file.

Game seed: 16594877986460832691

56179 kae the Grappler (level 14, -9/115 HPs)
             Began as a Black Draconian Transmuter on Oct 26, 2020.
             Was a High Priest of Uskayaw.
             Mangled by an orc warrior
             ... wielding a +0 trident
             ... led by an orc warlord
              (21 damage)
             ... on level 2 of the Orcish Mines.
             The game lasted 00:30:46 (26661 turns).

kae the Grappler (Black Draconian Transmuter)      Turns: 26661, Time: 00:30:46

Health: -9/115     AC: 13    Str: 20    XL:     14   Next: 41%
Magic:  18/21      EV: 19    Int: 13    God:    Uskayaw [*****.]
Gold:   2521       SH:  0    Dex: 16    Spells: 3/21 levels left

rFire    . . .     SeeInvis +     - Unarmed
rCold    . . .     Faith    .   (shield currently unavailable)
rNeg     . . .     Spirit   .   (armour unavailable)
rPois    .         Reflect  .   Q - +1 hat {SInv}
rElec    +         Harm     .   i - +0 cloak "Somytij" {MR+ Regen+ Str+2 Dex-2}
rCorr    .         Rampage  .   (gloves currently unavailable)
MR       ++...                  q - +2 pair of boots
Stlth    +.........             F - amulet of regeneration
HPRegen  1.09/turn              C - +4 ring of evasion
MPRegen  0.17/turn              U - +6 ring of dexterity

@: blade hands, flying, studying Crossbows
A: breathe lightning, unfitting armour, big wings, electricity resistance,
cold-blooded, AC +8
a: Breathe Lightning, Stop Flying, End Transformation, Stomp, Line Pass, Grand
Finale, Renounce Religion


You were on level 2 of the Orcish Mines.
You worshipped Uskayaw.
Uskayaw was aware of your devotion.
You had blades for hands.
You visited 4 branches of the dungeon, and saw 21 of its levels.
You also visited: Bailey and Gauntlet.

You collected 2521 gold pieces.

Inventory:

Armour
 i - the +0 cloak "Somytij" (worn) {MR+ Regen+ Str+2 Dex-2}
   (You found it in a Gauntlet)

   It affects your strength (+2).
   It affects your dexterity (-2).
   It affects your resistance to hostile enchantments.
   It increases your rate of regeneration.
 q - a +2 pair of boots (worn)
 r - a +2 cloak
 Q - a +1 hat of see invisible (worn)
Jewellery
 l - an uncursed ring of protection from fire
 m - an uncursed ring of resist corrosion
 z - an uncursed ring of protection from magic
 C - a +4 ring of evasion (left scythe-like blade)
 D - an uncursed ring of positive energy
 E - an uncursed amulet of magic regeneration
 F - an amulet of regeneration (around neck)
 I - an uncursed ring of ice
 K - an uncursed ring of protection from cold
 M - an uncursed ring of protection from fire
 P - an uncursed ring of magical power
 S - an uncursed ring of stealth
 U - a +6 ring of dexterity (right scythe-like blade)
Wands
 p - a wand of polymorph (40)
 v - a wand of digging (4)
 x - a wand of flame (26)
 y - a wand of disintegration (21)
 G - a wand of iceblast (6)
 J - a wand of random effects (7)
 N - a wand of paralysis (14)
Scrolls
 a - 14 scrolls of teleportation
 e - 7 scrolls of remove curse
 j - 4 scrolls of fog
 o - 4 scrolls of magic mapping
 t - 9 scrolls of amnesia
 A - 2 scrolls of fear
 H - 2 scrolls of identify
Potions
 b - 2 potions of mutation
 c - 7 potions of lignification
 d - 3 potions of might
 f - 6 potions of curing
 g - 5 potions of haste
 h - 7 potions of heal wounds
 k - 2 potions of invisibility
 n - 2 potions of cancellation
 u - 2 potions of resistance
 B - 3 potions of brilliance
 R - a potion of ambrosia
 V - a potion of magic
Books
 L - a manual of Crossbows


   Skills:
 - Level 8.0 Fighting
 - Level 5.0 Dodging
 - Level 13.2 Unarmed Combat
 - Level 4.0 Spellcasting
 + Level 12.9 Transmutations
 - Level 5.0 Ice Magic
 - Level 4.0 Air Magic
 - Level 10.0 Invocations
 - Level 10.5 Evocations


You had 3 spell levels left.
You knew the following spells:

 Your Spells              Type           Power        Failure   Level
a - Beastly Appendage     Tmut           #####.       7%          1
b - Wereblood             Tmut           #####...     8%          2
c - Spider Form           Tmut/Pois      ###.......   30%         3
d - Blade Hands           Tmut           #####.....   24%         5
e - Ice Form              Ice/Tmut       ####....     34%         4
f - Shock                 Conj/Air       #...         43%         1
g - Swiftness             Air            ##......     36%         2

Your spell library contained the following spells:

 Spells                   Type           Power        Failure   Level
 Corpse Rot               Necr/Air       N/A          54%         2
 Animate Skeleton         Necr           #.....       63%         1
 Apportation              Tloc           #.....       63%         1
 Corona                   Hex            #......      63%         1
 Magic Dart               Conj           #...         63%         1
 Pain                     Necr           #...         63%         1
 Summon Small Mammal      Summ           #...         63%         1
 Static Discharge         Conj/Air       #.......     69%         3
 Blink                    Tloc           N/A          73%         2
 Call Imp                 Summ           #.......     73%         2
 Slow                     Hex            #.......     73%         2
 Mephitic Cloud           Conj/Pois/Air  #.......     78%         3
 Call Canine Familiar     Summ           #.......     88%         3
 Conjure Flame            Conj/Fire      #.......     88%         3
 Gell's Gravitas          Tloc           #.........   88%         3
 Portal Projectile        Hex/Tloc       #.....       88%         3
 Stone Arrow              Conj/Erth      #.....       88%         3
 Summon Guardian Golem    Hex/Summ       #.......     88%         3
 Vampiric Draining        Necr           #.........   88%         3
 Hydra Form               Tmut           #####.....   56%         6
 Airstrike                Air            ##........   78%         4
 Summon Ice Beast         Ice/Summ       #.......     91%         4
 Summon Lightning Spire   Summ/Air       #.......     94%         4
 Animate Dead             Necr           #.........   99%         4
 Sticky Flame             Conj/Fire      #.......     99%         4
 Lightning Bolt           Conj/Air       #.........   99%         5
 Eringya's Noxious Bog    Tmut/Pois      ###.......   99%         6
 Agony                    Necr           #.......     100%        5
 Borgnjor's Vile Clutch   Necr/Erth      #.........   100%        5
 Summon Forest            Summ/Tloc      #.........   100%        5
 Death Channel            Necr           #.........   100%        6
 Dispersal                Tloc           #.........   100%        6
 Simulacrum               Ice/Necr       #.........   100%        6
 Summon Hydra             Summ           #.........   100%        7
 Disjunction              Tloc           #.........   100%        8


Dungeon Overview and Level Annotations

Branches:
Dungeon (12/15)            Temple (1/1) D:4            Lair (6/6) D:10
 Shoals (0/4) Lair:3        Snake (0/4) Lair:3        Slime (0/5) Lair:5
    Orc (1/2) D:10         Bailey (visited)         Gauntlet (visited)

Altars:
Ashenzari
Cheibriados
Dithmenos
Elyvilon
Fedhas
Gozag
Hepliaklqana
Kikubaaqudgha
Makhleb
Nemelex Xobeh
Okawaru
Qazlal
Ru
Sif Muna
Trog
Uskayaw
Vehumet
Wu Jian
Xom
Yredelemnul
Zin
The Shining One
Jiyva

Shops:
D:11 }   Orc:2 !

Portals:
Trove: D:10 (show abyssal rune of Zot)

Annotations:
Lair:6 1 runed translucent door


Innate Abilities, Weirdness & Mutations

You can breathe wild blasts of lightning.
Your glossy black scales are hard. (AC +8)
You cannot fit into any form of body armour.
Your large and strong wings let you fly indefinitely.
You are resistant to electric shocks. (rElec)
You are cold-blooded and may be slowed by cold attacks.


Message History

The orc priest no longer looks unusually strong.
The orc warrior no longer looks unusually strong.
The orc warrior completely misses you. The orc sorcerer misses you.
The orc priest calls upon Beogh to heal the orc warlord.
The orc warlord is healed somewhat.
The orc completely misses you.
The orc warlord roars a battlecry!
The orcs go into a battle-frenzy!
You hit the orc warlord but do no damage.
The orc warlord is almost dead.
The orc warrior hits you but does no damage.
The orc warrior misses you. The orc sorcerer barely misses you.
The orc priest closely misses you. The orc misses you.
You hit the orc warlord but do no damage.
Your tail-slap misses the orc warlord.
The orc warlord is almost dead.
The orc warrior is no longer sharing its pain.
The orc warlord hits you with a +0 halberd!
* * * LOW HITPOINT WARNING * * *
The orc warrior hits you from afar with a +0 trident!!
You die...

#..## ....# ...# ..####
### ###.....#.
###.####.........
##.....#.)ooo...#.
#.........@o.....#
###..#.#....oo.[....
##...............⌠.⌠.
#..)....#.........∩..
##..##...#....#...⌠.⌠.
##.))#.................
#..))##...#............
####)####^..#...........
#..)).))##.............


You could see an orc warlord, an orc sorcerer (strong), 2 orc warriors, an orc
priest (strong, pain bonded) and an orc (strong, pain bonded).

Vanquished Creatures
  Gastronok (D:8)
  Nessos (D:12)
  A minotaur (Gauntlet)
  Josephine (D:12)
  Fannar (D:11)
  Erolcha (D:12)
  4 hydras
  A hell beast (Gauntlet)
  An anaconda (Lair:6)
  A two-headed ogre (D:12)
  Sonja (D:12)
  A lindwurm (Lair:6)
  An orc sorcerer (Orc:2)
  2 manticores
  An oklob plant (Lair:3)
  13 elephants
  2 black mambas
  6 torpor snails
  Joseph (D:10)
  A gargoyle (D:11)
  13 cane toads
  A rime drake (Lair:1)
  9 komodo dragons
  An ice devil (Gauntlet)
  5 trolls
  9 polar bears (Lair:6)
  A guardian mummy (D:10)
  Prince Ribbit (D:9)
  4 tyrant leeches (Lair:6)
  8 blink frogs
  8 hippogriffs
  8 hornets
  6 raiju (Lair:6)
  7 slime creatures
  5 dream sheep
  4 spriggans (Lair:1)
  3 wraiths (D:12)
  A wyvern (D:10)
  2 vampires (D:12)
  3 basilisks
  8 yaks (Lair:6)
  Menkaure (D:4)
  Edmund (D:6)
  6 wargs
  A soldier ant (D:12)
  7 water moccasins
  13 hell hounds
  A porcupine (Lair:4)
  12 orc warriors
  An ice beast (D:5)
  A swamp drake (D:10)
  3 sky beasts
  12 black bears
  An eye of draining (D:11)
  20 wolves
  3 phantoms
  5 ogres
  10 centaurs
  9 crocodiles
  2 big kobolds
  16 bullfrogs
  Blork the orc (D:4)
  A gnoll sergeant (D:8)
  A wyvern zombie (D:10)
  A wyvern skeleton (D:7)
  3 scorpions
  6 killer bees (D:7)
  13 wights
  2 electric eels (Lair:6)
  4 howler monkeys
  2 quasits
  10 hounds
  10 orc priests
  A jelly (Gauntlet)
  21 orc wizards
  2 bullfrog skeletons
  Crazy Yiuf (D:4)
  A centaur skeleton (D:11)
  6 iguanas
  6 worker ants
  A killer bee zombie (D:8)
  A hound skeleton (D:9)
  3 worker ant zombies
  14 gnolls
  9 adders
  A howler monkey skeleton (D:7)
  3 shadow imps
  9 white imps
  6 ufetubi
  A worm (D:2)
  3 dart slugs
  6 leopard geckos
  45 orcs
  6 giant cockroaches
  12 goblins
  11 hobgoblins
  11 jackals
  6 quokkas
  3 ball pythons
  3 bats
  4 frilled lizards
  25 kobolds
  2 leopard gecko skeletons
  2 quokka skeletons
  7 rats
560 creatures vanquished.

Vanquished Creatures (others)
  A basilisk (D:10)
  3 orcs (D:10)
  4 demonic plants (Gauntlet)
  7 fungi
  27 plants
42 creatures vanquished.

Grand Total: 602 creatures vanquished

Notes
Turn   | Place    | Note
-------+----------+-------------------------------------------
     0 | D:1      | kae the Draconian Transmuter began the quest for the Orb.
     0 | D:1      | Reached XP level 1. HP: 16/16 MP: 3/3
    76 | D:1      | Reached XP level 2. HP: 19/23 MP: 3/5
   436 | D:1      | Reached XP level 3. HP: 23/28 MP: 4/6
   817 | D:2      | Reached skill level 4 in Unarmed Combat
   993 | D:2      | Reached XP level 4. HP: 33/35 MP: 7/7
  2108 | D:3      | Reached skill level 5 in Unarmed Combat
  2131 | D:3      | Reached XP level 5. HP: 28/40 MP: 6/8
  2606 | D:4      | Noticed Blork the orc
  2610 | D:4      | Killed Blork the orc
  2615 | D:4      | Learned a level 2 spell: Wereblood
  2619 | D:4      | Learned a level 3 spell: Spider Form
  2620 | D:4      | Found a staircase to the Ecumenical Temple.
  2620 | D:4      | Noticed an ogre
  2629 | D:4      | Killed an ogre
  2629 | D:4      | Reached XP level 6. HP: 7/47 MP: 9/9
  2631 | D:4      | Reached skill level 6 in Unarmed Combat
  2893 | Temple   | Entered the Ecumenical Temple
  2978 | Temple   | Became a worshipper of Uskayaw the Reveler
  3031 | D:4      | Reached * piety under Uskayaw
  3033 | D:4      | Reached ** piety under Uskayaw
  3285 | D:4      | Found a runed translucent door.
  3286 | D:4      | Noticed Crazy Yiuf
  3478 | D:4      | Noticed Menkaure
  3491 | D:4      | Killed Menkaure
  3491 | D:4      | Your scales start taking on a glossy black colour.
  3491 | D:4      | Reached XP level 7. HP: 43/52 MP: 6/10
  3491 | D:4      | Gained mutation: You are resistant to electric shocks.
                  | (rElec) [Black Draconian growth]
  3948 | D:4      | Killed Crazy Yiuf
  4103 | D:5      | Entered Level 5 of the Dungeon
  4125 | D:5      | Reached *** piety under Uskayaw
  4137 | D:5      | Reached skill level 7 in Unarmed Combat
  4137 | D:5      | Reached skill level 1 in Invocations
  4331 | D:5      | Reached skill level 5 in Transmutations
  4369 | D:5      | Reached **** piety under Uskayaw
  5313 | D:5      | Reached XP level 8. HP: 46/59 MP: 7/11
  5734 | D:6      | Reached skill level 8 in Unarmed Combat
  5803 | D:6      | Noticed Edmund
  5816 | D:6      | Killed Edmund
  6033 | D:6      | Found a sparkling altar of Nemelex Xobeh.
  7287 | D:7      | Found an ornate altar of the Wu Jian Council.
  7342 | D:7      | Reached skill level 9 in Unarmed Combat
  7463 | D:7      | Reached XP level 9. HP: 30/64 MP: 9/12
  7465 | D:7      | Reached ***** piety under Uskayaw
  8143 | D:7      | Reached skill level 5 in Invocations
  8968 | D:8      | Reached skill level 10 in Unarmed Combat
  9431 | D:8      | Noticed Gastronok
  9457 | D:8      | Learned a level 5 spell: Blade Hands
  9556 | D:8      | Killed Gastronok
  9556 | D:8      | Reached skill level 11 in Unarmed Combat
  9556 | D:8      | Reached XP level 10. HP: 47/71 MP: 9/14
 10668 | D:9      | Identified the Collected Works on Companions and Blows and
                  | Bruises
 10788 | D:9      | Noticed Prince Ribbit
 10804 | D:9      | Killed Prince Ribbit
 12044 | D:10     | Entered Level 10 of the Dungeon
 12090 | D:10     | Reached skill level 12 in Unarmed Combat
 12410 | D:10     | Found a staircase to the Orcish Mines.
 13295 | D:10     | Found a portal to a secret trove of treasure.
 13494 | D:10     | Reached XP level 11. HP: 77/77 MP: 11/17
 13605 | D:10     | Noticed Joseph
 13617 | D:10     | Killed Joseph
 13764 | D:10     | Found a staircase to the Lair.
 14279 | D:11     | Noticed Fannar
 14292 | D:11     | Killed Fannar
 14295 | D:11     | Reached skill level 13 in Unarmed Combat
 14404 | D:11     | Found Politoat's Gadget Emporium.
 15257 | D:12     | Found a flagged portal.
 15284 | Bailey   | Entered a bailey
 15337 | Bailey   | Learned a level 1 spell: Shock
 16287 | Bailey   | Reached skill level 10 in Transmutations
 16655 | D:12     | Noticed Josephine
 16669 | D:12     | Killed Josephine
 16985 | D:12     | Reached skill level 1 in Air Magic
 17240 | D:12     | Noticed a two-headed ogre
 17245 | D:12     | Killed a two-headed ogre
 17575 | D:12     | Noticed Erolcha
 17591 | D:12     | Killed Erolcha
 17591 | D:12     | Reached XP level 12. HP: 83/83 MP: 13/18
 17725 | D:12     | Found a white marble altar of Elyvilon.
 17726 | D:12     | Noticed Nessos
 17737 | D:12     | Killed Nessos
 17737 | D:12     | Reached skill level 5 in Dodging
 17966 | D:12     | Noticed Sonja
 18003 | D:12     | Killed Sonja
 18385 | Lair:1   | Entered Level 1 of the Lair of Beasts
 18404 | Lair:1   | Learned a level 4 spell: Ice Form
 18420 | Lair:1   | Learned a level 2 spell: Swiftness
 18433 | Lair:1   | Reached skill level 5 in Fighting
 18992 | Lair:1   | Reached skill level 1 in Ice Magic
 19498 | Lair:2   | Identified a scroll of acquirement
 19498 | Lair:2   | Acquired a +0 hat of see invisible
 19599 | Lair:2   | Found a gate leading to a gauntlet.
 19626 | Gauntlet | Entered a Gauntlet
 19626 | Gauntlet | Found a transporter.
 19626 | Gauntlet | Found a transporter.
 19633 | Gauntlet | Found a runed translucent door.
 19640 | Gauntlet | Found a transporter.
 19644 | Gauntlet | Found a transporter.
 19652 | Gauntlet | Found a transporter.
 19656 | Gauntlet | Found a transporter.
 19661 | Gauntlet | Noticed a hell beast
 19664 | Gauntlet | Found a transporter.
 19680 | Gauntlet | Found a transporter.
 19697 | Gauntlet | Found a transporter.
 19698 | Gauntlet | Found a transporter.
 19707 | Gauntlet | Found a transporter.
 19710 | Gauntlet | Found a transporter.
 20167 | Gauntlet | Killed a hell beast
 20167 | Gauntlet | Reached skill level 5 in Ice Magic
 20190 | Gauntlet | Got a faintly glowing cloak
 20201 | Gauntlet | Identified the +0 cloak "Somytij" {MR+ Regen+ Str+2 Dex-2}
                  | (You found it in a Gauntlet)
 20204 | Gauntlet | Noticed a minotaur
 20214 | Gauntlet | Killed a minotaur
 20452 | Lair:2   | Reached skill level 10 in Invocations
 20459 | Lair:2   | Reached skill level 1 in Evocations
 20662 | Lair:2   | Noticed a seven-headed hydra
 20669 | Lair:2   | Killed a ten-headed hydra
 20669 | Lair:2   | Reached XP level 13. HP: 94/107 MP: 15/20
 21161 | Lair:3   | Found a staircase to the Snake Pit.
 21170 | Lair:3   | Found a staircase to the Shoals.
 21175 | Lair:3   | Reached skill level 5 in Evocations
 23706 | Lair:5   | Found a viscous altar of Jiyva.
 23706 | Lair:5   | Found a staircase to the Slime Pits.
 24258 | Lair:6   | Entered Level 6 of the Lair of Beasts
 24274 | Lair:6   | Reached skill level 10 in Evocations
 24806 | Lair:6   | Found a runed translucent door.
 24807 | Lair:6   | Noticed a fire dragon
 24894 | Lair:6   | Reached ****** piety under Uskayaw
 24895 | Lair:6   | Gained mutation: Your large and strong wings let you fly
                  | indefinitely. [Black Draconian growth]
 24895 | Lair:6   | Reached XP level 14. HP: 20/115 MP: 12/21
 26383 | Orc:1    | Entered Level 1 of the Orcish Mines
 26385 | Orc:1    | You are sucked into a shaft and drop 1 floor!
 26385 | Orc:2    | Entered Level 2 of the Orcish Mines
 26643 | Orc:2    | Found Rabofias's Distillery.
 26643 | Orc:2    | Noticed an orc warlord
 26661 | Orc:2    | Mangled by an orc warrior

Illustrated notes

Levels and vault maps discovered:
D:1:      minmay_arrival_hallway, layout_rooms
D:2:      layout_basic
D:3:      kennysheep_six_static_rooms, layout_basic, hex_medium
D:4:      layout_gridville, minmay_temple_entry_tees, uniq_crazy_yiuf_cottage,
          uniq_blork_the_orc, uniq_menkaure
D:5:      layout_rooms, kennysheep_small_spiral
D:6:      layout_loops_ring, basic_altar, uniq_edmund
D:7:      layout_basic, lemuel_round_altar
D:8:      layout_loops_corners, uniq_gastronok
D:9:      layout_basic, small_chamber_with_monster,
          kennysheep_opposing_triangles, uniq_prince_ribbit1
D:10:     layout_roguey, erik_lair_dragon, david_orc_2,
          nicolae_trove_entry_path_of_doom, uniq_joseph
D:11:     layout_roguey, serial_shops, nicolae_shop_trees, uniq_fannar
D:12:     layout_loops_corners, enter_bailey_6, elyvilon_altar_3,
          uniq_josephine, uniq_erolcha, uniq_sonja, uniq_nessos
Temple:   dpeg_three_leaves_temple
Lair:1:   wad_woods_settlement, layout_loops_ring
Lair:2:   layout_big_grid, gauntlet_entry_generic
Lair:3:   layout_gridlike, minmay_shoals_entry_beasts, dummy_snake_entry
Lair:4:   layout_roguey
Lair:5:   layout_cave_pods, dpeg_slime_entry_enclosed_altar,
          beast_lair_carwin_1, grunt_megastairs_3
Lair:6:   hangedman_lair_caniforms_friends, layout_regular_city, wormcave,
          st_stairs_6, serial_bayou_shore_a, serial_bayou_shore_b
Orc:1:    layout_diamond_mine, minmay_orc_keep
Orc:2:    grunt_orc_community_town_hall, layout_caves,
          grunt_orc_community_big_house_2, grunt_orc_community_big_house_1,
          grunt_orc_community_house_2, grunt_orc_community_house_1,
          grunt_orc_community_house_2, grunt_orc_community_house_1,
          serial_shops, shop_fountains, mines4_lemuel

Skill      XL: |  1  2  3  4  5  6  7  8  9 10 11 12 13 14 |
---------------+-------------------------------------------+-----
Unarmed Combat | 4 5 6 7 9 11 12 13 | 13.2
Transmutations | 3 4 5 6 7 9 10 12 | 12.9
Invocations    | 2 4 6 8 9 10 | 10.0
Spellcasting   | 4 |  4.0
Air Magic      | 4 |  4.0
Dodging        | 4 5 |  5.0
Fighting       | 8 |  8.0
Ice Magic      | 5 |  5.0
Evocations     | 3 10 | 10.5

Action                   |  1- 3 |  4- 6 |  7- 9 | 10-12 | 13-15 || total
-------------------------+-------+-------+-------+-------+-------++-------
Melee: Unarmed           |    27 |    37 |   292 |   588 |   489 ||  1433
       Kick              |     9 |     4 |    11 |     1 |       ||    25
       Headbutt          |     7 |     4 |    12 |       |       ||    23
       Tailslap          |     8 |     6 |    15 |    43 |    42 ||   114
       Hand axe          |    63 |    48 |       |       |       ||   111
       Punch             |       |     2 |     2 |    14 |    25 ||    43
 Cast: Beastly Appendage |    16 |    12 |    21 |     6 |       ||    55
       Spider Form       |       |     1 |    20 |    22 |     1 ||    44
       Blade Hands       |       |       |     1 |    57 |    45 ||   103
       Shock             |       |       |       |    93 |       ||    93
       Wereblood         |       |       |       |     1 |       ||     1
       Ice Form          |       |       |       |       |    10 ||    10
Invok: Stomp             |       |       |     1 |       |     3 ||     4
 Abil: Breathe Lightning |       |       |     4 |     2 |     1 ||     7
       Fly               |       |       |       |       |     1 ||     1
Evoke: Wand              |       |       |       |     1 |       ||     1
  Use: Scroll            |     5 |     4 |     8 |    12 |     7 ||    36
       Potion            |       |     3 |     2 |     9 |       ||    14
 Stab: Sleeping          |     1 |       |     1 |     1 |     1 ||     4
       Paralysed         |       |       |     8 |    33 |    42 ||    83
Armor: Skin              |    34 |    29 |    73 |   131 |   109 ||   376
Dodge: Dodged            |    66 |    39 |   227 |   509 |   364 ||  1205

Table legend: (Time is in decaauts)
 A = Elapsed time spent in this place.
 B = Non-inter-level travel time spent in this place.
 C = Inter-level travel time spent in this place.
 D = Time resting spent in this place.
 E = Time spent auto-exploring this place.
 F = Levels seen in this place.
 G = Mean time per level.
                   A        B        C        D        E       F      G
               +--------+--------+--------+--------+--------+-----+--------+
         Total |  26429 |  25592 |    837 |   4054 |  17420 |  23 | 1149.1 |
       Dungeon |  16988 |  16413 |    575 |   2829 |  11322 |  12 | 1415.7 |
        Temple |     88 |     86 |      2 |      0 |     65 |   1 |   88.0 |
          Lair |   7089 |   6829 |    260 |    428 |   5294 |   6 | 1181.5 |
  Orcish Mines |    264 |    264 |      0 |      0 |    176 |   2 |  132.0 |
        Bailey |   1283 |   1283 |      0 |    699 |    218 |   1 | 1283.0 |
      Gauntlet |    714 |    714 |      0 |     98 |    345 |   1 |  714.0 |
               +--------+--------+--------+--------+--------+-----+--------+

Top non-repeatable levels by time:
     D:9: 2230 daAuts
    D:10: 2067 daAuts
  Lair:6: 1924 daAuts
     D:5: 1608 daAuts
    D:12: 1551 daAuts
    D:11: 1458 daAuts
     D:4: 1455 daAuts
     D:7: 1435 daAuts
     D:6: 1362 daAuts
  Bailey: 1283 daAuts
     D:8: 1235 daAuts
  Lair:5: 1182 daAuts
     D:3: 1127 daAuts
  Lair:3: 1106 daAuts
  Lair:4: 1038 daAuts
